 Dungeon Crawl Stone Soup version 0.28.0 (webtiles) character file.

Game seed: 17181665217753965322

127 sasquatch the Sneak (level 4, -2/22 HPs)
             Began as a Spriggan Brigand on Feb 7, 2022.
             Was an Initiate of Wu Jian.
             Slain by an orc (7 damage)
             ... on level 3 of the Dungeon.
             The game lasted 00:05:23 (4357 turns).

sasquatch the Sneak (Spriggan Brigand)              Turns: 4357, Time: 00:05:23

Health: -2/22      AC:  3    Str:  7    XL:     4   Next: 85%
Magic:  5/5        EV: 18    Int: 12    God:    Wu Jian [......]
Gold:   145        SH:  5    Dex: 18    Spells: 3/3 levels left

rFire   . . .      SeeInvis +   a - +2 dagger
rCold   . . .      Faith    .   (no shield)
rNeg    . . .      Spirit   .   b - +0 robe
rPois   .          Reflect  +   (helmet restricted)
rElec   .          Harm     .   c - +0 cloak
rCorr   .          Rampage  .   (gloves unavailable)
Will    .....                   (boots unavailable)
Stlth   ++++......              j - amulet of reflection
HPRegen 0.07/turn               (no ring)
MPRegen 0.09/turn               (no ring)

@: very quick
A: very small, no large weapons, unfitting armour, see invisible, speed 3
a: Renounce Religion


You were on level 3 of the Dungeon.
You worshipped Wu Jian.
Wu Jian was noncommittal.
You visited 2 branches of the dungeon, and saw 6 of its levels.

You collected 145 gold pieces.

Inventory:

Hand Weapons
 a - a +2 dagger (weapon)
Missiles
 d - 10 poisoned darts (quivered)
 e - a curare-tipped dart
 g - 2 datura-tipped darts
Armour
 b - a +0 robe (worn)
 c - a +0 cloak (worn)
Jewellery
 j - an amulet of reflection (around neck)
 k - a +6 ring of strength
Scrolls
 m - 3 scrolls of identify {unknown}
 n - a scroll of vulnerability {unknown}
 o - a scroll of blinking
 q - a scroll of torment {unknown}
Potions
 f - a potion of mutation {unknown}
 h - a potion of haste {unknown}
 i - a potion of cancellation {unknown}
 l - a potion of lignification {unknown}
 p - a potion of magic {unknown}


   Skills:
 - Level 1.5 Fighting
 + Level 3.6 Short Blades
 - Level 2.0 Throwing
 + Level 3.6 Dodging
 + Level 7.3 Stealth


You had 3 spell levels left.
You didn't know any spells.
Your spell library contained the following spells:

 Spells                   Type           Power      Damage    Failure   Level
 Foxfire                  Conj/Fire      0%         2x1d4     32%         1
 Ensorcelled Hibernation  Hex/Ice        0%         N/A       45%         2
 Passwall                 Tmut/Erth      0%         N/A       45%         2
 Conjure Flame            Conj/Fire      0%         6-21      69%         3
 Inner Flame              Hex/Fire       0%         N/A       69%         3
 Swiftness                Air            0%         N/A       69%         3
 Flame Wave               Conj/Fire      0%         2d4       97%         4


Dungeon Overview and Level Annotations

Branches:
Dungeon (5/15)             Temple (1/1) D:5

Altars:
Dithmenos
Fedhas
Nemelex Xobeh
Wu Jian
The Shining One

Shops:
D:2 (

Annotations:
D:3 3 runed translucent doors, Bediveer's ghost, amateur HOMo; FuzzyBison's ghost, amateur DgCj


Innate Abilities, Weirdness & Mutations

You are very small and have problems with some larger weapons.
You are too small for most types of armour.
You have supernaturally acute eyesight. (SInv)
You cover ground extremely quickly. (Speed+++)


Message History

You block the orc's attack. The orc closely misses you.
You hit the orc.
The orc is severely wounded.
The orc closely misses you.
You hit the orc.
You kill the orc!
The Council accepts your kill.
You hit the orc.
The orc is heavily wounded.
The orc hits you with a +0 war axe.
Unknown command.
You hit the orc.
The orc is heavily wounded.
The orc misses you. The orc barely misses you.
You hit the orc but do no damage.
The orc is heavily wounded.
The orc closely misses you. x2
You closely miss the orc.
The orc is heavily wounded.
The orc hits you with a +0 flail. You block the orc's attack.
Unknown command.
You hit the orc but do no damage.
The orc is heavily wounded.
The orc misses you.
You hit the orc but do no damage.
The orc is heavily wounded.
The orc completely misses you. You block the orc's attack.
You hit the orc but do no damage.
The orc is heavily wounded.
The orc hits you with a +0 war axe!
* * * LOW HITPOINT WARNING * * *
You barely miss the orc.
The orc is heavily wounded.
The orc hits you with a +0 flail.
* * * LOW HITPOINT WARNING * * *
The orc misses you.
You completely miss the orc.
The orc is heavily wounded.
The orc hits you with a +0 flail!
You die...

.#.# #.# ##.###...## #.#
.#.#######.#### ### #.###
#.# .#............###### #.#
#.# .#########.........# #.#
#.# .# ####.####.####.#####
#.# .# #<# #.).........# #.#
#############.#
##.####.###.# #.#
#............#########.###.#
#.# ##.##########..o@#
#.....#.# #.# ...# #(##o#
#...†.#(# #.# ####
#.##.####.......###.#
#.##................#
#^#######...(.####### #.#
#.....### #.#####.###.#
#.........#.#
######.....#.####


You could see 2 orcs.

Vanquished Creatures
  An iguana (D:4)
  3 adders (D:2)
  3 worms (D:2)
  3 dart slugs
  3 orcs (D:3)
  6 ball pythons
  5 endoplasms
  A giant cockroach (D:2)
  6 goblins
  4 hobgoblins (D:2)
  6 kobolds
  4 quokkas
  4 bats (D:2)
  2 frilled lizards (D:1)
  A jackal skeleton (D:4)
  A rat (D:2)
53 creatures vanquished.

Notes
Turn   | Place    | Note
-------+----------+-------------------------------------------
     0 | D:1      | sasquatch the Spriggan Brigand began the quest for the Orb.
     0 | D:1      | Reached XP level 1. HP: 10/10 MP: 2/2
    49 | D:1      | Reached skill level 6 in Stealth
   388 | D:1      | Reached XP level 2. HP: 10/14 MP: 3/3
   511 | D:1      | Found a faded altar of an unknown god.
  1475 | D:2      | Reached XP level 3. HP: 13/18 MP: 4/4
  1556 | D:2      | You fall into a shaft and drop 2 floors!
  1556 | D:4      | Noticed a scorpion
  2356 | D:2      | Reached XP level 4. HP: 20/22 MP: 5/5
  2368 | D:2      | Reached skill level 7 in Stealth
  3153 | D:2      | Found Sebbuntadgha's Antique Weapon Boutique.
  3494 | D:3      | Found a runed translucent gate.
  3494 | D:3      | Found a runed translucent gate.
  3495 | D:3      | Found a runed translucent gate.
  3497 | D:3      | Noticed FuzzyBison's ghost (amateur DgCj)
  3497 | D:3      | Noticed Bediveer's ghost (amateur HOMo)
  3658 | D:5      | Entered Level 5 of the Dungeon
  3658 | D:5      | Found a staircase to the Ecumenical Temple.
  3709 | Temple   | Entered the Ecumenical Temple
  3715 | Temple   | Became a worshipper of the Wu Jian Council
  4357 | D:3      | Slain by an orc

Illustrated notes

Levels and vault maps discovered:
D:1:      lightli_arrival_windingriver, layout_basic,
          hellmonk_ecumenical_altar_run_dry
D:2:      layout_basic, serial_shops, nicolae_shop_trees,
          kennysheep_generic_room_2
D:3:      layout_loops_ring, gammafunk_ghost_cemetery
D:4:      layout_cave_pools, grunt_temple_overflow_bloody_war, zin_angel,
          kennysheep_small_square
D:5:      layout_gridville, temple_pool_b
Temple:   eino_temple_rhombus

Skill      XL: |  1  2  3  4 |
---------------+-------------+-----
Stealth        | 6 7 |  7.3
Dodging        | 2 3 |  3.6
Short Blades   | 3 |  3.6
Fighting       | |  1.5
Throwing       | |  2.0

Action                   |  1- 3 |  4- 6 || total
-------------------------+-------+-------++-------
Melee: Dagger            |   120 |   126 ||   246
       Punch             |     3 |     1 ||     4
Throw: Dart              |     1 |     9 ||    10
Invok: Lunge             |       |     1 ||     1
  Use: Scroll            |     1 |       ||     1
 Stab: Sleeping          |     9 |     8 ||    17
Armor: Robe              |    14 |    12 ||    26
Dodge: Dodged            |    55 |    65 ||   120
Block: Other             |     1 |    19 ||    20
